 Dungeon Crawl Stone Soup version 0.26-a0-661-g406de6ba63 (webtiles) character file.

Game seed: 16797047305938569557

4219 Baz the Insei (level 10, -3/85 HPs)
             Began as an Octopode Transmuter on Oct 9, 2020.
             Was a Believer of Okawaru.
             Slain by a komodo dragon (20 damage)
             ... on level 1 of the Lair of Beasts.
             The game lasted 00:24:32 (13648 turns).

Baz the Insei (Octopode Transmuter)                Turns: 13648, Time: 00:24:32

Health: -3/85      AC:  6    Str: 10    XL:     10   Next: 30%
Magic:  16/16      EV: 13    Int: 22    God:    Okawaru [**....]
Gold:   270        SH:  0    Dex: 15    Spells: 2/17 levels left

rFire    + . .     SeeInvis .     - Unarmed
rCold    + + +     Faith    .   (shield currently unavailable)
rNeg     . . .     Spirit   .   (helmet currently unavailable)
rPois    +         Reflect  .   g - amulet of magic regeneration
rElec    .         Harm     .   s - ring of stealth
rCorr    .         Rampage  .   x - ring "Moobibot" {rF++ Int+6}
MR       .....                  (no ring)
Stlth    ++........             (no ring)
HPRegen  0.24/turn              (no ring)
MPRegen  0.40/turn              (no ring)
                                (no ring)
                                (no ring)

@: ice-form
A: large, almost no armour, stealthy swim, amphibious, 8 rings, (constrict 8)
a: End Transformation, Heroism, Renounce Religion


You were on level 1 of the Lair of Beasts.
You worshipped Okawaru.
Okawaru was pleased with you.
You were a creature of crystalline ice.
You visited 3 branches of the dungeon, and saw 10 of its levels.

You collected 425 gold pieces.
You spent 155 gold pieces at shops.

Inventory:

Missiles
 c - 484 stones (quivered)
 e - 49 poisoned darts
 h - 8 javelins
 o - 5 boomerangs
 w - 2 throwing nets
Armour
 z - a +0 buckler (melded)
Jewellery
 g - an amulet of magic regeneration (around neck)
 s - a ring of stealth (left front paw)
 x - the ring "Moobibot" (right front paw) {rF++ Int+6}
   (You bought it in a shop on level 6 of the Dungeon)

   [ring of intelligence]

   It affects your intelligence (+6).
   It greatly protects you from fire.
Wands
 p - a wand of iceblast (11)
 t - a wand of paralysis (26)
 B - a wand of enslavement (8)
Scrolls
 a - 2 scrolls of fear
 b - 4 scrolls of teleportation
 d - 7 scrolls of enchant armour
 f - a scroll of random uselessness {unknown}
 m - 3 scrolls of enchant weapon {unknown}
 n - 3 scrolls of remove curse
 q - 2 scrolls of blinking {unknown}
 u - 4 scrolls of magic mapping {unknown}
 v - 3 scrolls of identify
 y - 2 scrolls of noise {unknown}
Potions
 i - 2 potions of stabbing
 j - 2 potions of haste
 k - 5 potions of curing
 l - a potion of might {unknown}
 r - 2 potions of cancellation {unknown}
 A - a potion of brilliance {unknown}


   Skills:
 + Level 7.2 Fighting
 - Level 6.0 Dodging
 - Level 4.0 Shields
 + Level 7.7 Unarmed Combat
 - Level 4.0 Spellcasting
 + Level 7.1 Transmutations
 + Level 1.0 Invocations


You had 2 spell levels left.
You knew the following spells:

 Your Spells              Type           Power        Failure   Level
a - Beastly Appendage     Tmut           #####.       1%          1
b - Wereblood             Tmut           #####...     1%          2
c - Spider Form           Tmut/Pois      ###.......   8%          3
d - Ice Form              Ice/Tmut       ###.....     26%         4
e - Blade Hands           Tmut           #####.....   17%         5

Your spell library contained the following spells:

 Spells                   Type           Power        Failure   Level


Dungeon Overview and Level Annotations

Branches:
Dungeon (8/15)             Temple (1/1) D:7            Lair (1/6) D:8

Altars:
Ashenzari
Cheibriados
Dithmenos
Elyvilon
Fedhas
Gozag
Hepliaklqana
Kikubaaqudgha
Makhleb
Nemelex Xobeh
Okawaru
Qazlal
Ru
Sif Muna
Trog
Uskayaw
Vehumet
Wu Jian
Xom
Yredelemnul
Zin
The Shining One

Shops:
D:6 *

Annotations:
D:4 2 transporters, zordking's ghost, amateur OpTm
D:5 exclusions: water moccasin and zombie
D:8 Gastronok
Lair:1 exclusion: hydra


Innate Abilities, Weirdness & Mutations

You cannot wear most types of armour.
You are very stealthy in the water. (Stealth+)
You are amphibious.
You can wear up to eight rings at the same time.
((You can use your tentacles to constrict eight enemies at once.))
((Your skin changes colour to match your surroundings (Stealth+).))
((Your rubbery body absorbs attacks. (AC +1, EV +1)))


Message History

* * * LOW HITPOINT WARNING * * *
You hit the komodo dragon.
The komodo dragon seems to slow down.
You freeze the komodo dragon.
The komodo dragon is heavily wounded.
The komodo dragon closely misses you.
You hit the komodo dragon but do no damage.
The komodo dragon is heavily wounded.
Unknown command.
You hit the komodo dragon.
The komodo dragon seems to slow down.
You freeze the komodo dragon.
The komodo dragon is severely wounded.
The komodo dragon closely misses you.
You hit the komodo dragon but do no damage.
The komodo dragon is severely wounded.
Unknown command.
You punch the komodo dragon!
The komodo dragon seems to slow down.
You freeze the komodo dragon.
The komodo dragon is almost dead.
The komodo dragon bites you!!
You die...

..................##
..................#
................P.#
................#.#
................#.#
................# #
.............!..P..
.....................
.......Y........#...D
.......l.............
..................>..
[...............###.#
................#
................#
...............
...............


You could see a komodo dragon (slow).

Vanquished Creatures
  Pikel (D:8)
  A cane toad (Lair:1)
  A yak (D:8)
  Sigmund (D:2)
  Grum (D:7)
  3 orc warriors
  2 sky beasts
  A phantom (D:7)
  5 ogres
  4 wolves (D:7)
  2 lemures (D:8)
  7 bullfrogs
  2 scorpions
  A wight (D:5)
  3 howler monkeys
  A crimson imp (D:7)
  A quasit (D:7)
  A centaur zombie (D:5)
  3 hounds
  2 jellies (D:6)
  3 orc priests
  A bullfrog skeleton (D:4)
  A centaur skeleton (D:7)
  An iron imp (D:8)
  Terence (D:2)
  Ijyb (D:3)
  3 orc wizards
  8 worker ants
  A hound zombie (D:7)
  Robin (D:2)
  A howler monkey skeleton (D:6)
  6 adders
  2 shadow imps
  2 white imps
  An ooze (D:2)
  3 worms
  4 dart slugs
  5 leopard geckos
  22 orcs
  2 ball pythons
  7 bats
  3 giant cockroaches
  18 goblins
  12 hobgoblins
  15 jackals
  9 kobolds
  4 quokkas
  3 frilled lizards
  A jackal skeleton (D:6)
  A leopard gecko zombie (D:5)
  7 rats
192 creatures vanquished.

Vanquished Creatures (others)
  A rat (D:3)
  16 fungi (D:8)
  19 plants
36 creatures vanquished.

Grand Total: 228 creatures vanquished

Notes
Turn   | Place    | Note
-------+----------+-------------------------------------------
     0 | D:1      | Baz the Octopode Transmuter began the quest for the Orb.
     0 | D:1      | Reached XP level 1. HP: 13/13 MP: 3/3
   295 | D:1      | Reached XP level 2. HP: 14/18 MP: 3/5
   809 | D:1      | Reached XP level 3. HP: 23/23 MP: 6/6
   833 | D:1      | Learned a level 2 spell: Wereblood
   837 | D:1      | Learned a level 3 spell: Spider Form
  1730 | D:2      | Noticed Sigmund
  1874 | D:2      | Noticed Terence
  1895 | D:2      | Killed Terence
  1895 | D:2      | Reached XP level 4. HP: 19/29 MP: 4/7
  2051 | D:2      | Killed Sigmund
  2051 | D:2      | Reached XP level 5. HP: 16/36 MP: 5/8
  2051 | D:2      | Reached XP level 6. HP: 19/41 MP: 5/9
  2439 | D:2      | Noticed Robin
  2463 | D:2      | Killed Robin
  3212 | D:3      | Found a stormy altar of Qazlal.
  3311 | D:3      | Found a shimmering altar of Xom.
  3445 | D:3      | Noticed Ijyb
  3457 | D:3      | Killed Ijyb
  4078 | D:3      | Found a hazy altar of Hepliaklqana.
  4078 | D:3      | Found a faded altar of an unknown god.
  4083 | D:3      | Found a basalt altar of Yredelemnul.
  4085 | D:3      | Found a hide-covered altar of Uskayaw.
  4086 | D:3      | Found a radiant altar of Vehumet.
  4731 | D:4      | Reached XP level 7. HP: 26/46 MP: 10/10
  5230 | D:4      | Found a transporter.
  5231 | D:4      | Found a transporter.
  5757 | D:4      | Identified the cursed +0 spear of Propriety {venom, rElec
                  | rPois MR+++ Str-5}
  5782 | D:4      | Noticed zordking's ghost (amateur OpTm)
  5899 | D:5      | Entered Level 5 of the Dungeon
  6213 | D:5      | Learned a level 4 spell: Ice Form
  6247 | D:5      | Reached skill level 5 in Transmutations
  6444 | D:5      | Reached skill level 5 in Unarmed Combat
  6628 | D:5      | Found a shadowy altar of Dithmenos.
  6638 | D:5      | Reached XP level 8. HP: 36/54 MP: 9/11
  8264 | D:6      | Reached skill level 5 in Dodging
  9192 | D:6      | Found Yducsogh's Assorted Antiques.
  9206 | D:6      | Bought a translucent lead ring for 155 gold pieces
  9206 | D:6      | Identified the ring "Moobibot" {rF++ Int+6} (You bought it
                  | in a shop on level 6 of the Dungeon)
  9501 | D:7      | Reached skill level 5 in Fighting
  9976 | D:7      | Reached XP level 9. HP: 54/61 MP: 12/12
 10352 | D:7      | Found a burning altar of Makhleb.
 10426 | D:7      | Found a staircase to the Ecumenical Temple.
 10517 | Temple   | Entered the Ecumenical Temple
 10710 | Temple   | Became a worshipper of Warmaster Okawaru
 10934 | D:7      | Found a glowing silver altar of Zin.
 11872 | D:8      | Found a snail-covered altar of Cheibriados.
 11968 | D:8      | Reached skill level 1 in Shields
 12096 | D:8      | Noticed Grum
 12104 | D:7      | Reached * piety under Okawaru
 12447 | D:8      | Learned a level 5 spell: Blade Hands
 12473 | D:8      | Noticed Pikel
 12484 | D:8      | Killed Pikel
 12584 | D:8      | Found an iron altar of Okawaru.
 12584 | D:8      | Noticed Gastronok
 12831 | D:7      | Reached XP level 10. HP: 48/69 MP: 16/16
 12941 | D:8      | Found a staircase to the Lair.
 13243 | D:7      | Killed Grum
 13243 | D:7      | Reached ** piety under Okawaru
 13607 | Lair:1   | Entered Level 1 of the Lair of Beasts
 13627 | Lair:1   | Noticed a four-headed hydra
 13631 | Lair:1   | Noticed a cane toad
 13638 | Lair:1   | Killed a cane toad
 13638 | Lair:1   | Reached skill level 1 in Invocations
 13648 | Lair:1   | Slain by a komodo dragon

Illustrated notes

Levels and vault maps discovered:
D:1:      dpeg_arrival_morbid_curiosity, layout_loops_ring,
          minmay_tree_intersection, dk_noncrumbling_4, st_stairs_8, minivault_24
D:2:      layout_rooms, small_statue_intersection, minmay_indecisive_spiral,
          uniq_robin, uniq_terence, uniq_sigmund
D:3:      layout_loops_ring, lemuel_coloured_pillars_altar, grunt_qazlal_clouds,
          chequers_temple_overflow_minitemple, uniq_ijyb
D:4:      layout_basic, serial_curves, eino_curves_02, eino_curves_04,
          gammafunk_ghost_gnarly_gnolls
D:5:      layout_basic, nicolae_dithmenos_shadow_blocks
D:6:      layout_loops_cross, serial_shops, shop
D:7:      layout_basic, makhleb_grotto_becter, minmay_temple_entry_glassed_door,
          basic_altar, chequers_jeans
D:8:      layout_loops_ring, slow_altar_1, grunt_lair_entry_orc_guard_hut,
          gammafunk_ghost_berserking_beasts, okawaru_metal_pillars_3, uniq_grum,
          uniq_pikel, uniq_gastronok
Temple:   nicolae_temple_figure_eight
Lair:1:   dpeg_oklob_gauntlet, layout_chaotic_city, uniq_fannar

Skill      XL: |  1  2  3  4  5  6  7  8  9 10 |
---------------+-------------------------------+-----
Fighting       | 2 3 4 5 6 7 |  7.2
Dodging        | 3 4 5 6 |  6.0
Unarmed Combat | 4 5 7 |  7.7
Transmutations | 3 4 5 6 7 |  7.1
Spellcasting   | 4 |  4.0
Shields        | 3 4 |  4.0
Invocations    | 1 |  1.0

Action                   |  1- 3 |  4- 6 |  7- 9 | 10-12 || total
-------------------------+-------+-------+-------+-------++-------
Melee: Unarmed           |   100 |   136 |   346 |    43 ||   625
       Constrict         |    28 |    31 |    34 |     1 ||    94
       Tentacles         |    17 |    13 |    37 |       ||    67
       Kick              |     2 |     3 |     4 |       ||     9
       Punch             |     2 |     3 |     8 |       ||    13
Throw: Stone             |       |       |     4 |       ||     4
 Cast: Beastly Appendage |     2 |     3 |     3 |       ||     8
       Spider Form       |     1 |     5 |    26 |     4 ||    36
       Wereblood         |       |     3 |       |       ||     3
       Blade Hands       |       |       |     1 |       ||     1
       Ice Form          |       |       |       |     1 ||     1
  Use: Potion            |       |     1 |       |       ||     1
       Scroll            |       |       |     7 |       ||     7
 Stab: Sleeping          |     5 |     3 |    10 |       ||    18
       Distracted        |       |       |     1 |       ||     1
Armor: Skin              |    17 |     5 |     9 |       ||    31
Dodge: Dodged            |    72 |    96 |   274 |    56 ||   498
Block: Buckler           |       |       |       |     1 ||     1

Table legend: (Time is in decaauts)
 A = Elapsed time spent in this place.
 B = Non-inter-level travel time spent in this place.
 C = Inter-level travel time spent in this place.
 D = Time resting spent in this place.
 E = Time spent auto-exploring this place.
 F = Levels seen in this place.
 G = Mean time per level.
                   A        B        C        D        E       F      G
               +--------+--------+--------+--------+--------+-----+--------+
         Total |  13607 |  13163 |    444 |   6525 |   4299 |  10 | 1360.7 |
       Dungeon |  13325 |  12894 |    431 |   6525 |   4085 |   8 | 1665.6 |
        Temple |    242 |    230 |     12 |      0 |    195 |   1 |  242.0 |
          Lair |     39 |     39 |      0 |      0 |     19 |   1 |   39.0 |
               +--------+--------+--------+--------+--------+-----+--------+

Top non-repeatable levels by time:
     D:7: 2719 daAuts
     D:5: 2203 daAuts
     D:1: 2150 daAuts
     D:4: 1595 daAuts
     D:6: 1511 daAuts
     D:3: 1102 daAuts
     D:2: 1037 daAuts
     D:8: 1005 daAuts
  Temple: 242 daAuts
  Lair:1: 39 daAuts
